 Dungeon Crawl Stone Soup version 0.18-a0-1413-g4eaa9ac (webtiles) character file.

15775 dvd the Thaumaturge (level 12, -1/65 HPs)
             Began as a Deep Elf Fire Elementalist on Feb 25, 2016.
             Was an Elder of Vehumet.
             Slain by Snorg (18 damage)
             ... on level 3 of the Lair of Beasts.
             The game lasted 00:53:20 (14794 turns).

dvd the Thaumaturge (Deep Elf Fire Elementalist)   Turns: 14794, Time: 00:53:20

Health: -1/65      AC:  9    Str:  4 (5)  XL:     12   Next: 4%
Magic:  18/47      EV: 17    Int: 26      God:    Vehumet [****..]
Gold:   659        SH:  0    Dex: 15      Spells: 11 memorised, 5 levels left

rFire  + . .     SeeInvis .     Q - staff of power
rCold  + . .     Gourm    .     T - +2 robe {rF+}
rNeg   . . .     Faith    .     (no shield)
rPois  .         Spirit   .     t - +0 helmet
rElec  .         Dismiss  .     C - +2 cloak {+Inv}
rCorr  .         Reflect  .     (no gloves)
SustAt .         Harm     .     u - +0 pair of boots
MR     ++...                    (no amulet)
Stlth  +++.......               K - ring of protection from magic
                                I - ring of protection from cold

@: very resistant to hostile enchantments, fairly stealthy
A: rugged brown scales 1, deformed body, sturdy frame 1
a: Renounce Religion, Evoke Invisibility


You were on level 3 of the Lair of Beasts.
You worshipped Vehumet.
Vehumet was greatly pleased with you.
You were not hungry.

You visited 3 branches of the dungeon, and saw 14 of its levels.

You collected 659 gold pieces.

Inventory:

Hand Weapons
 s - a +5 mace of crushing
 M - a +3 flail of freezing
 S - a +3 dagger of chaos
Armour
 t - a +0 helmet (worn)
 u - a +0 pair of boots (worn)
 C - a +2 cloak of invisibility (worn)
 T - a +2 robe of fire resistance (worn)
Magical Staves
 Q - an uncursed staff of power (weapon)
Jewellery
 k - an uncursed ring of flight
 n - an uncursed ring of sustain attributes
 I - a ring of protection from cold (left hand)
 K - a ring of protection from magic (right hand)
 V - an uncursed ring of see invisible
Wands
 e - a wand of disintegration (13/24)
 p - a wand of enslavement (13/24)
 r - a wand of digging (21/24)
 w - a wand of paralysis (12/24)
 G - a wand of lightning (8/15)
 R - a wand of digging (12/24)
 Z - a wand of disintegration (17/24)
Scrolls
 j - a scroll of blinking
 l - 4 scrolls of teleportation
 q - 11 scrolls of identify
 x - 4 scrolls of fear
 y - 2 scrolls of fog
 B - a scroll of magic mapping
 O - a scroll of recharging
 P - a scroll of amnesia
 U - a scroll of remove curse
 W - a scroll of enchant armour
Potions
 d - a potion of resistance
 f - a potion of agility
 h - 2 potions of invisibility
 D - a potion of heal wounds
 H - 2 potions of brilliance
 J - a potion of lignification
 N - a potion of curing
Books
 a - a book of Necromancy

   Spells                             Type                      Level
   a - Pain                           Necromancy                   1
   b - Animate Skeleton               Necromancy                   1
   c - Vampiric Draining              Necromancy                   3
   d - Regeneration                   Charms/Necromancy            3
   e - Animate Dead                   Necromancy                   4
   f - Control Undead                 Necromancy                   4
 b - a book of Flames

   Spells                             Type                      Level
   a - Flame Tongue                   Conjuration/Fire             1
   b - Throw Flame                    Conjuration/Fire             2
   c - Conjure Flame                  Conjuration/Fire             3
   d - Inner Flame                    Hexes/Fire                   3
   e - Sticky Flame                   Conjuration/Fire             4
   f - Fireball                       Conjuration/Fire             5
 m - a book of Transfigurations

   Spells                             Type                      Level
   a - Irradiate                      Conjuration/Transmutation    5
   b - Statue Form                    Transmutation/Earth          6
   c - Hydra Form                     Transmutation                6
   d - Dragon Form                    Transmutation                7
 v - a book of Envenomations

   Spells                             Type                      Level
   a - Spider Form                    Transmutation/Poison         3
   b - Olgreb's Toxic Radiance        Poison                       4
   c - Alistair's Intoxication        Transmutation/Poison         5
   d - Poisonous Cloud                Conjuration/Poison/Air       6
 z - the Collected Works on Hurtful Dark Rites
   (You found it on level 10 of the Dungeon)

   Spells                             Type                      Level
   a - Sting                          Conjuration/Poison           1
   b - Sublimation of Blood           Necromancy                   2
   c - Agony                          Necromancy                   5
   d - Cigotuvi's Embrace             Necromancy                   5
   e - Orb of Destruction             Conjuration                  7
 L - a book of Dreams

   Spells                             Type                      Level
   a - Ensorcelled Hibernation        Hexes/Ice                    2
   b - Silence                        Hexes/Air                    5
   c - Darkness                       Hexes                        6
   d - Mass Confusion                 Hexes                        6
   e - Shadow Creatures               Summoning                    6
 Y - a book of Alchemy

   Spells                             Type                      Level
   a - Sublimation of Blood           Necromancy                   2
   b - Ignite Poison                  Fire/Transmutation/Poison    3
   c - Petrify                        Transmutation/Earth          4
   d - Alistair's Intoxication        Transmutation/Poison         5
   e - Irradiate                      Conjuration/Transmutation    5
Comestibles
 c - 10 bread rations
 g - 10 slices of pizza
 i - 4 beef jerkies
 E - a meat ration
 F - 10 fruits


   Skills:
 + Level 3.4 Fighting
 + Level 1.7(1.8) Maces & Flails
 + Level 0.6(1.6) Staves
 + Level 8.2 Dodging
 + Level 5.1 Stealth
 + Level 14.0 Spellcasting
 + Level 10.4 Conjurations
 + Level 11.1 Fire Magic
 + Level 0.4 Earth Magic
 + Level 1.2 Evocations


You had 5 spell levels left.
You knew the following spells:

 Your Spells              Type           Power        Failure   Level  Hunger
a - Flame Tongue          Conj/Fire      #####        1%          1    None
b - Throw Flame           Conj/Fire      ######       1%          2    None
c - Sticky Flame          Conj/Fire      ######..     1%          4    None
d - Fireball              Conj/Fire      ######....   1%          5    ##.....
e - Magic Dart            Conj           ####         1%          1    None
f - Throw Frost           Conj/Ice       #####.       1%          2    None
g - Iskenderun's Mystic   Conj           ######..     1%          4    None
h - Sublimation of Blood  Necr           ###.......   4%          2    None
i - Bolt of Magma         Conj/Fire/Erth ######....   1%          5    ##.....
j - Irradiate             Conj/Trmt      #####.....   3%          5    ##.....
k - Regeneration          Chrm/Necr      ###.......   10%         3    None


Dungeon Overview and Level Annotations

Branches:
Dungeon (10/15)            Temple (1/1) D:4            Lair (3/8) D:10
  Swamp: Lair:3-6    Shoals: Lair:3-6     Snake: Lair:3-6    Spider: Lair:3-6
    Orc: D:9-12

Altars:
Ashenzari
Cheibriados
Dithmenos
Elyvilon
Fedhas
Gozag
Kikubaaqudgha
Makhleb
Nemelex Xobeh
Okawaru
Pakellas
Qazlal
Ru
Sif Muna
Trog
Vehumet
Xom
Yredelemnul
Zin
The Shining One

Annotations:
D:4 exclusion: statue
D:5 exclusion: oklob plant
Lair:3 Snorg


Innate Abilities, Weirdness & Mutations

You are partially covered in rugged brown scales (AC +1, +3% HP).
Armour fits poorly on your strangely shaped body.
Your movements are slightly less encumbered by armour (ER -2).


Message History

Casting: Sticky Flame
Confirm with . or Enter, or press ? or * to list all spells.
Aiming: Sticky Flame
Press: ? - help, Shift-Dir - straight line, f/p - Snorg
Aim: Snorg (severely wounded, berserk, fast, unusually strong, covered in liquid flames)
The sticky flame hits Snorg.
Snorg is severely wounded.
Snorg burns!
Snorg barely misses you. Snorg claws you. Snorg claws you but does no damage.
Snorg barely misses you. Snorg completely misses you. Snorg claws you!
Snorg burns!
Snorg bites you!!
* * * LOW HITPOINT WARNING * * *
Snorg completely misses you. Snorg barely misses you.
Casting: Sticky Flame
Confirm with . or Enter, or press ? or * to list all spells.
Aiming: Bolt of Magma
Press: ? - help, Shift-Dir - straight line, f/p - Snorg
Aim: Snorg (severely wounded, berserk, fast, unusually strong, covered in liquid flames)
The bolt of magma misses Snorg.
Snorg burns!
Snorg bites you!!
You die...

## ##### #P.#..#.###
#........# #..!..##@#
#... #.T.# #..###..## ##
###
#...P#...#######.#####.#
#......................<
#.#..#....######.........
## #...## ##...#.###
###.### ##.P### #..#.#
#.##


You could see Snorg (berserk).

Vanquished Creatures
  A hydra (Lair:2)
  Erolcha (D:9)
  3 hill giants
  The ghost of dvd the Thaumaturge, a novice DEFE of Vehumet (D:7)
  A black mamba (Lair:1)
  Maurice (D:8)
  Psyche (D:10)
  5 spiny frogs
  A komodo dragon (Lair:2)
  2 two-headed ogres
  The ghost of M4edhros the Insei, an amateur OpAr of Fedhas (D:4)
  2 spriggans
  5 yaks (D:9)
  A hungry ghost (D:8)
  4 wolves (Lair:1)
  2 hippogriffs
  The ghost of M4edhros the Ducker, an amateur OpAr (D:3)
  5 water moccasins
  3 orc warriors
  8 porcupines
  3 sky beasts
  A wasp (D:7)
  2 ice beasts
  3 phantoms
  5 ogres
  4 centaurs
  3 crocodiles
  12 giant frogs
  2 jellies (D:8)
  3 killer bees (D:7)
  4 scorpions
  13 wights
  7 howler monkeys
  An electric eel (Lair:1)
  6 crimson imps
  A wasp zombie (D:7)
  A centaur zombie (D:9)
  A centaur skeleton (D:5)
  4 orc priests
  2 giant frog skeletons
  5 hounds
  5 hell rats
  11 orc wizards
  6 iguanas
  4 worker ants
  12 sheep
  A hound skeleton (D:8)
  Robin (D:2)
  3 gnolls (D:6)
  9 adders
  13 river rats (Lair:3)
  A shadow imp (D:6)
  3 oozes
  3 adder skeletons
  An adder zombie (D:9)
  2 dart slugs
  3 giant geckos
  28 orcs
  2 ball pythons
  8 bats
  6 giant cockroaches
  16 goblins
  7 hobgoblins
  11 jackals
  6 quokkas
  3 giant newts
  A jackal zombie (D:9)
  9 kobolds
  2 quokka skeletons (D:8)
  9 rats
318 creatures vanquished.

Vanquished Creatures (others)
  A giant frog simulacrum (D:9)
  2 plants (Lair:2)
3 creatures vanquished.

Grand Total: 321 creatures vanquished

Notes
Turn   | Place    | Note
--------------------------------------------------------------
     0 | D:1      | dvd the Deep Elf Fire Elementalist began the quest for the Orb.
     0 | D:1      | Reached XP level 1. HP: 10/10 MP: 6/6
   347 | D:1      | Reached XP level 2. HP: 13/15 MP: 4/8
   413 | D:1      | Learned a level 2 spell: Throw Flame
   814 | D:2      | Reached XP level 3. HP: 16/19 MP: 1/9
  1057 | D:2      | Reached skill level 4 in Spellcasting
  1422 | D:2      | Noticed Robin
  1927 | D:2      | Reached XP level 4. HP: 24/24 MP: 9/12
  1931 | D:2      | Killed Robin
  2007 | D:2      | Learned a level 4 spell: Sticky Flame
  2421 | D:3      | Found a shattered altar of Ashenzari.
  2497 | D:3      | Noticed M4edhros's ghost (amateur OpAr)
  2539 | D:3      | Killed M4edhros's ghost
  2539 | D:3      | Reached skill level 5 in Spellcasting
  2539 | D:3      | Reached XP level 5. HP: 28/28 MP: 7/14
  2825 | D:3      | Found a glowing silver altar of Zin.
  2874 | D:3      | Noticed a centaur
  2883 | D:3      | Killed a centaur
  2883 | D:3      | Reached skill level 5 in Fire Magic
  2883 | D:3      | Reached XP level 6. HP: 10/32 MP: 9/16
  3167 | D:3      | Learned a level 5 spell: Fireball
  3501 | D:4      | Noticed M4edhros's ghost (amateur OpAr)
  4126 | D:4      | Reached skill level 6 in Spellcasting
  4244 | D:4      | Found a staircase to the Ecumenical Temple.
  4248 | Temple   | Entered the Ecumenical Temple
  4371 | D:4      | Killed M4edhros's ghost
  4371 | D:4      | Reached XP level 7. HP: 25/37 MP: 7/18
  4496 | D:4      | Found a sparkling altar of Nemelex Xobeh.
  4569 | D:4      | Found a white marble altar of Elyvilon.
  4617 | D:4      | Found a radiant altar of Vehumet.
  4872 | D:4      | Became a worshipper of Vehumet
  5225 | D:5      | Entered Level 5 of the Dungeon
  5225 | D:5      | Found an iron altar of Okawaru.
  5345 | D:5      | Reached skill level 1 in Fighting
  5435 | D:5      | Reached skill level 7 in Spellcasting
  5435 | D:5      | Reached XP level 8. HP: 43/43 MP: 1/20
  5894 | D:5      | Reached skill level 5 in Conjurations
  6123 | D:5      | Found a blossoming altar of Fedhas.
  6137 | D:5      | Noticed an oklob plant
  6304 | D:6      | Learned a level 1 spell: Flame Tongue
  6345 | D:6      | Reached skill level 1 in Maces & Flails
  6458 | D:6      | Found a glowing golden altar of the Shining One.
  6481 | D:6      | Reached * piety under Vehumet
  6481 | D:6      | Offered knowledge of Sting by Vehumet.
  6481 | D:6      | Reached skill level 8 in Spellcasting
  6802 | D:6      | Reached skill level 5 in Dodging
  6808 | D:6      | Found a blossoming altar of Fedhas.
  7005 | D:7      | Noticed dvd's ghost (novice DEFE)
  7195 | D:7      | Reached XP level 9. HP: 44/48 MP: 17/23
  8013 | D:7      | Killed dvd's ghost
  8013 | D:7      | Reached skill level 9 in Spellcasting
  8244 | D:7      | Offered knowledge of Magic Dart by Vehumet.
  8430 | D:7      | Reached ** piety under Vehumet
  8453 | D:7      | Reached skill level 1 in Evocations
  8728 | D:7      | Learned a level 1 spell: Magic Dart
  8806 | D:8      | Noticed a hill giant
  8821 | D:8      | Killed a hill giant
  8821 | D:8      | Reached skill level 10 in Spellcasting
  8963 | D:8      | Reached XP level 10. HP: 55/55 MP: 18/26
  9115 | D:8      | Noticed Maurice
  9131 | D:8      | Killed Maurice
  9331 | D:8      | Found an oddly glowing altar of Pakellas.
  9364 | D:8      | Offered knowledge of Throw Frost by Vehumet.
  9369 | D:8      | Learned a level 2 spell: Throw Frost
  9596 | D:8      | Found a sacrificial altar of Ru.
  9648 | D:8      | Found a bloodstained altar of Trog.
  9777 | D:8      | Reached *** piety under Vehumet
  9777 | D:8      | Reached skill level 11 in Spellcasting
 10048 | D:9      | Noticed Erolcha
 10051 | D:9      | Killed Erolcha
 10420 | D:9      | Offered knowledge of Iskenderun's Mystic Blast by Vehumet.
 10679 | D:9      | Noticed a skeletal warrior
 10679 | D:9      | Noticed a manticore
 11113 | D:10     | Entered Level 10 of the Dungeon
 11152 | D:10     | Noticed Psyche
 11155 | D:10     | Killed Psyche
 11155 | D:10     | Reached skill level 12 in Spellcasting
 11155 | D:10     | Reached XP level 11. HP: 54/60 MP: 29/29
 11303 | D:10     | Gained mutation: Armour fits poorly on your strangely shaped body. [potion of mutation]
 11303 | D:10     | Gained mutation: You are partially covered in rugged brown scales (AC +1, +3% HP). [potion of mutation]
 11303 | D:10     | Gained mutation: Your movements are slightly less encumbered by armour (ER -2). [potion of mutation]
 11386 | D:10     | Learned a level 4 spell: Iskenderun's Mystic Blast
 11472 | D:10     | Found a staircase to the Lair.
 11558 | D:10     | Noticed a hill giant
 11561 | D:10     | Killed a hill giant
 11586 | D:10     | Reached **** piety under Vehumet
 11683 | D:10     | Noticed a hill giant
 11696 | D:10     | Killed a hill giant
 11696 | D:10     | Reached skill level 10 in Fire Magic
 11847 | D:10     | Reached skill level 5 in Stealth
 11984 | D:10     | Identified the Collected Works on Hurtful Dark Rites
 11988 | D:10     | Learned a level 2 spell: Sublimation of Blood
 12153 | Lair:1   | Entered Level 1 of the Lair of Beasts
 12182 | Lair:1   | Offered knowledge of Bolt of Magma by Vehumet.
 12551 | Lair:1   | Learned a level 5 spell: Bolt of Magma
 12791 | Lair:1   | Reached skill level 13 in Spellcasting
 12935 | Lair:1   | Reached skill level 10 in Conjurations
 13420 | Lair:2   | Noticed a six-headed hydra
 13435 | Lair:2   | Killed a six-headed hydra
 13741 | Lair:2   | Learned a level 5 spell: Irradiate
 14390 | Lair:3   | Reached XP level 12. HP: 43/65 MP: 23/31
 14398 | Lair:3   | Reached skill level 14 in Spellcasting
 14557 | Lair:3   | Noticed an eight-headed hydra
 14707 | Lair:3   | Learned a level 3 spell: Regeneration
 14784 | Lair:3   | Noticed Snorg
 14794 | Lair:3   | Slain by Snorg

Vault maps used:
D:1:      dpeg_arrival_lava_temple_mockup
D:2:      first_bread, st_stairs_2, uniq_robin
D:3:      nicolae_ashenzari_panopticon, lemuel_round_altar
D:4:      elyvilon_altar_1, vehumet_statue, temple_statues, nemelex_deck
D:5:      okawaru_ov_weapons_minmay, tgw_fedhas
D:6:      kennysheep_mini, tso_metal_star
D:8:      kennysheep_mini_moat, nicolae_ru_path_of_blood, basic_altar,
          uniq_maurice
D:9:      grunt_pizzeria, minivault_12, uniq_erolcha
D:10:     lair_0_dummy, minmay_statues_item, uniq_psyche
Temple:   zaba_magenta_temple_12
Lair:1:   nicolae_quartered_pool_little, eino_small_chamber_without_monster,
          st_stairs_13, grunt_forest_large_clearing_hut, grunt_megastairs_5
Lair:3:   beast_lair_carwin_2, uniq_snorg

Skill      XL: |  1  2  3  4  5  6  7  8  9 10 11 12 |
---------------+-------------------------------------+-----
Fire Magic     | 4 5 6 7 8 9 11 | 11.1
Spellcasting   | 4 5 6 7 8 10 12 13 14 | 14.0
Dodging        | 3 5 6 7 8 |  8.2
Conjurations   | 2 4 6 7 9 10 | 10.4
Stealth        | 3 4 5 |  5.1
Fighting       | 1 2 3 |  3.4
Maces & Flails | 1 |  1.7
Evocations     | 1 |  1.2
Staves         | |  0.6
Earth Magic    | |  0.4

Action                   |  1- 3 |  4- 6 |  7- 9 | 10-12 || total
-------------------------+-------+-------+-------+-------++-------
Melee: Mace              |       |    14 |   110 |    22 ||   146
       Quarterstaff      |       |       |     1 |       ||     1
       Staff             |       |       |       |    45 ||    45
 Cast: Flame Tongue      |    65 |    37 |    84 |    94 ||   280
       Throw Flame       |     9 |    34 |    87 |   108 ||   238
       Sticky Flame      |       |     3 |    21 |    45 ||    69
       Fireball          |       |       |     5 |    48 ||    53
       Bolt of Magma     |       |       |       |    17 ||    17
       Sublimation of Bl |       |       |       |     1 ||     1
Evoke: Wand              |       |       |    10 |       ||    10
  Use: Scroll            |       |       |    13 |     8 ||    21
       Potion            |       |       |     1 |    11 ||    12
 Stab: Sleeping          |       |     1 |     1 |       ||     2
       Distracted        |       |       |     1 |       ||     1
  Eat: Chunk             |     3 |     3 |    13 |    21 ||    40
       Meat ration       |       |     1 |       |     1 ||     2
       Royal jelly       |       |       |     1 |       ||     1
       Pizza             |       |       |     1 |       ||     1
